 Dungeon Crawl Stone Soup version 0.18.1-5-g4a78601 (webtiles) character file.

33 M4edhros the Sneak (level 3, -1/23 HPs)
             Began as an Octopode Artificer on May 10, 2016.
             Slain by a gnoll (2 damage)
             ... on level 2 of the Dungeon.
             The game lasted 00:00:32 (717 turns).

M4edhros the Sneak (Octopode Artificer)              Turns: 717, Time: 00:00:33

Health: -1/23      AC:  1    Str: 15    XL:     3   Next: 29%
Magic:  5/5        EV: 12    Int: 14    God:
Gold:   65         SH:  0    Dex: 13    Spells: 0 memorised, 2 levels left

rFire  . . .     SeeInvis .     a - +0 short sword
rCold  . . .     Gourm    .     (no shield)
rNeg   . . .     Faith    .     (helmet restricted)
rPois  .         Spirit   .     (no amulet)
rElec  .         Dismiss  .     (no ring)
rCorr  .         Reflect  .     (no ring)
SustAt .         Harm     .     (no ring)
MR     .....                    (no ring)
Stlth  ++++......               (no ring)
                                (no ring)
                                (no ring)
                                (no ring)

@: mighty, not resistant to hostile enchantments, stealthy
A: almost no armour, amphibious, 8 rings, constrict 8, camouflage 1, gelatinous
body 1
a: no special abilities


You were on level 2 of the Dungeon.
You were not hungry.

You visited 1 branch of the dungeon, and saw 2 of its levels.

You collected 65 gold pieces.

Inventory:

Hand Weapons
 a - a +0 short sword (weapon)
Jewellery
 g - a cursed -2 ring of strength {unknown}
Wands
 b - a wand of flame (15/48)
 c - a wand of enslavement (15/24)
 d - a wand of random effects (15/48)
Scrolls
 h - 3 scrolls of enchant weapon {unknown}
 l - a scroll of identify {unknown}
Potions
 k - a potion of ambrosia {unknown}
 m - a potion of haste {unknown}
Comestibles
 f - 2 bread rations
 j - 4 fruits


   Skills:
 - Level 1.0 Fighting
 - Level 1.0 Short Blades
 - Level 2.0 Dodging
 + Level 4.5 Stealth
 - Level 3.2 Evocations


You had 2 spell levels left.
You didn't know any spells.

Dungeon Overview and Level Annotations

Branches:
Dungeon (2/15)

Altars:
Okawaru


Innate Abilities, Weirdness & Mutations

You cannot wear most types of armour.
You are amphibious.
You can wear up to eight rings at the same time.
You can use your tentacles to constrict eight enemies at once.
Your skin changes colour to match your surroundings (Stealth).
Your rubbery body absorbs attacks (AC +1).


Message History

You constrict the hobgoblin.
You kill the hobgoblin!
The gnoll throws a stone.
The stone hits you.
* * * LOW HITPOINT WARNING * * *
You swing at nothing.
You hit the goblin.
You kill the goblin!
The gnoll throws a stone.
The stone hits you.
* * * LOW HITPOINT WARNING * * *
You swing at nothing.
The gnoll throws a stone.
The stone barely misses you.
Drink which item? (? for menu, Esc to quit)
Okay, then.
Drink which item? (? for menu, Esc to quit)
It was a potion of cancellation.
You feel magically purged. The gnoll hits you.
* * * LOW HITPOINT WARNING * * *
Drink which item? (? for menu, Esc to quit)
It was a potion of might.
You feel very mighty all of a sudden. The gnoll hits you.
You die...

####### #(.(g(#
#.###'### ### #.##(.≈.#
#.. #g#(≈.≈## #..
#g##≈.≈.# #.. #@#g≈gg##
#.. #######.##≈.≈. #..
#.......#.≈.≈## #..
#.......###_##########..
#.......#.###.......##..
........'.)..........'..
#.......#...........##..
#.......#...........##..
........#...........####


You could see 2 gnolls.

Vanquished Creatures
  An ooze (D:2)
  2 dart slugs (D:1)
  2 giant geckos (D:1)
  An orc (D:2)
  A ball python (D:1)
  2 giant cockroaches (D:1)
  3 goblins
  2 hobgoblins (D:2)
  2 kobolds
  A bat (D:1)
  4 rats
21 creatures vanquished.

Notes
Turn   | Place    | Note
--------------------------------------------------------------
     0 | D:1      | M4edhros the Octopode Artificer began the quest for the Orb.
     0 | D:1      | Reached XP level 1. HP: 13/13 MP: 3/3
    84 | D:1      | Reached skill level 2 in Stealth
   116 | D:1      | Reached XP level 2. HP: 18/18 MP: 4/4
   279 | D:1      | Reached skill level 3 in Stealth
   673 | D:2      | Reached skill level 4 in Stealth
   692 | D:2      | Found an iron altar of Okawaru.
   694 | D:2      | Reached XP level 3. HP: 23/23 MP: 5/5
   708 | D:2      | HP: 1/23 [gnoll/stone (4)]
   716 | D:2      | HP: 1/23 [gnoll (1)]
   717 | D:2      | Slain by a gnoll

Skill      XL: |  1  2 |
---------------+-------+-----
Stealth        | 2 4 |  4.5
Fighting       | |  1.0
Short Blades   | |  1.0
Dodging        | |  2.0
Evocations     | |  3.2

Action                   || total
-------------------------++-------
Melee: Short sword       ||    35
       Constrict         ||     8
       Tentacles         ||     6
  Use: Potion            ||     2
 Stab: Sleeping          ||    12
Armor: Skin              ||     3
Dodge: Dodged            ||    21
